 Dungeon Crawl Stone Soup version 0.22.1-1-ga44c0e5 (webtiles) character file.

205 dvd the Firebug (level 5, 0/32 HPs)
             Began as an Octopode Fire Elementalist on Oct 6, 2018.
             Succumbed to a worker ant's poison
             ... on level 3 of the Dungeon.
             The game lasted 00:06:28 (3717 turns).

dvd the Firebug (Octopode Fire Elementalist)        Turns: 3717, Time: 00:06:29

Health: 0/32       AC:  1    Str:  8    XL:     5   Next: 83%
Magic:  8/9        EV: 13    Int: 18    God:
Gold:   54         SH:  0    Dex: 12    Spells: 6/9 levels left

rFire    . . .     SeeInvis .   g - +0 hand axe
rCold    . . .     Gourm    .   (no shield)
rNeg     . . .     Faith    .   (helmet restricted)
rPois    .         Spirit   .   (no amulet)
rElec    .         Reflect  .   (no ring)
rCorr    .         Harm     .   (no ring)
MR       .....                  (no ring)
Stlth    +++.......             (no ring)
HPRegen  0.10/turn              (no ring)
MPRegen  0.11/turn              (no ring)
                                (no ring)
                                (no ring)

@: lethally poisoned (0 -> -3), hasted, very quick
A: almost no armour, stealthy swim, amphibious, 8 rings, constrict 8, camouflage
1, gelatinous body 1
a: no special abilities


You were on level 3 of the Dungeon.
You were not hungry.

You visited 1 branch of the dungeon, and saw 4 of its levels.

You collected 54 gold pieces.

Inventory:

Hand Weapons
 g - a +0 hand axe (weapon)
Jewellery
 h - an uncursed ring of ice
Scrolls
 a - a scroll of teleportation {unknown}
 c - a scroll of amnesia {unknown}
 e - a scroll of magic mapping {unknown}
 f - 2 scrolls of fog {unknown}
 j - 2 scrolls of fear {unknown}
 k - 3 scrolls of identify {unknown}
 l - a scroll of blinking {unknown}
 m - 3 scrolls of remove curse {unknown}
 n - a scroll of enchant weapon {unknown}
Potions
 i - a potion of berserk rage {unknown}
Comestibles
 b - 9 rations


   Skills:
 + Level 0.6 Fighting
 + Level 1.0 Axes
 + Level 2.2 Dodging
 + Level 3.7 Stealth
 + Level 2.9 Spellcasting
 + Level 2.9 Conjurations
 + Level 4.1 Fire Magic


You had 6 spell levels left.
You knew the following spells:

 Your Spells              Type           Power        Failure   Level  Hunger
a - Flame Tongue          Conj/Fire      ###..        3%          1    None
b - Throw Flame           Conj/Fire      ###...       6%          2    ##.....

Your spell library contained the following spells:

 Spells                   Type           Power        Failure   Level  Hunger
 Conjure Flame            Conj/Fire      ###.....     12%         3    ###....
 Inner Flame              Hex/Fire       ##......     22%         3    ###....
 Sticky Flame             Conj/Fire      ###.....     36%         4    ####...
 Fireball                 Conj/Fire      ###.......   71%         5    ######.


Dungeon Overview and Level Annotations

Branches:
Dungeon (4/15)             Temple (0/1) D:4

Altars:
Sif Muna


Innate Abilities, Weirdness & Mutations

You cannot wear most types of armour.
You are very stealthy in the water. (Stealth+)
You are amphibious.
You can wear up to eight rings at the same time.
You can use your tentacles to constrict eight enemies at once.
Your skin changes colour to match your surroundings (Stealth+).
Your rubbery body absorbs attacks. (AC +1, EV +1)


Message History

Aiming: Flame Tongue (safe; 3% risk of failure)
Press: ? - help, Shift-Dir - straight line, f - worker ant
Aim: a worker ant (lightly wounded, constricted by you)
The flame tongue hits the worker ant.
The worker ant is heavily wounded.
You constrict the worker ant, but do no damage.
The worker ant bites you.
Unknown command.
You release your grip on the worker ant.
The worker ant bites you.
You are poisoned.
The worker ant poisons you! The iguana bites you!
* * * LOW HITPOINT WARNING * * *
You climb upwards.
You feel sick.
There is a stone staircase leading down here.
You feel sick. The worker ant bites you.
* * * LOW HITPOINT WARNING * * *
It was a potion of haste.
You feel yourself speed up. The iguana completely misses you.
The worker ant barely misses you.
You die...

#........# #.####### ###.####.#
#.# #.# #.# ######.######
#.####.###...........#
#..........###.#####.#
######..>### #.#####.# ######
#.al# #.##....#### .....## #...#
#.##........ ###...# #..@#
#.##.##.##.# #.#.#
#...#####.......##.# #...#
#..(............##.#
####.#########...###.(#..........
#...............<(......#....<...
#.##.#..................#.##.....
#.##.#......((......(...#.##.....
#....#.#######...###......##.#...
...).......# #........######.####


You could see an iguana and a worker ant.

Vanquished Creatures
  A centaur (D:3)
  3 adders (D:3)
  3 gnolls
  2 worms (D:2)
  3 dart slugs
  A leopard gecko (D:2)
  An orc (D:3)
  3 ball pythons
  8 bats
  2 giant cockroaches (D:1)
  7 goblins
  8 hobgoblins
  6 kobolds
  A quokka (D:3)
  2 frilled lizards
  6 rats
57 creatures vanquished.

Notes
Turn   | Place    | Note
-------+----------+-------------------------------------------
     0 | D:1      | dvd the Octopode Fire Elementalist began the quest for the
                  | Orb.
     0 | D:1      | Reached XP level 1. HP: 11/11 MP: 3/3
   184 | D:1      | Reached XP level 2. HP: 17/17 MP: 1/5
   253 | D:1      | Learned a level 2 spell: Throw Flame
  1145 | D:2      | Reached XP level 3. HP: 14/21 MP: 1/6
  1907 | D:1      | Reached XP level 4. HP: 6/27 MP: 3/7
  2208 | D:2      | Reached skill level 1 in Axes
  2678 | D:3      | Found a deep blue altar of Sif Muna.
  2971 | D:3      | Noticed a centaur
  2981 | D:3      | Killed a centaur
  2981 | D:3      | Reached skill level 4 in Fire Magic
  2981 | D:3      | Reached XP level 5. HP: 17/31 MP: 0/9
  3709 | D:4      | Found a staircase to the Ecumenical Temple.
  3714 | D:3      | HP: 1/32 [worker ant (6)]
  3717 | D:3      | Succumbed to a worker ant's poison

Skill      XL: |  1  2  3  4 |
---------------+-------------+-----
Stealth        | 3 |  3.7
Axes           | 1 |  1.0
Conjurations   | 2 |  2.9
Fire Magic     | 4 |  4.1
Fighting       | |  0.6
Dodging        | |  2.2
Spellcasting   | |  2.9

Action                   |  1- 3 |  4- 6 || total
-------------------------+-------+-------++-------
Melee: Hand axe          |    12 |    13 ||    25
       Unarmed           |     3 |       ||     3
       Constrict         |     4 |     5 ||     9
       Tentacles         |     3 |     1 ||     4
 Cast: Flame Tongue      |    46 |    36 ||    82
       Throw Flame       |    12 |    10 ||    22
  Use: Potion            |       |     1 ||     1
 Stab: Sleeping          |     1 |     4 ||     5
  Eat: Chunk             |     4 |     7 ||    11
Armor: Skin              |     4 |     1 ||     5
Dodge: Dodged            |    20 |    21 ||    41
